 Dungeon Crawl Stone Soup version 0.30-a0-5-g3a90980b9d (webtiles) character file.

Game seed: 4161910090314373477

1030 PentaManta the Martial Artist (level 8, -5/56 HPs)
             Began as a Merfolk Gladiator on Aug 22, 2022.
             Killed from afar by a steam dragon (17 damage)
             ... with a ball of steam
             ... on level 5 of the Dungeon.
             The game lasted 00:12:50 (7112 turns).

PentaManta the Martial Artist (Merfolk Gladiator)   Turns: 7112, Time: 00:12:51

Health: -5/56      AC:  7    Str: 14    XL:     8   Next: 23%
Magic:  8/8        EV: 12    Int: 10    God:
Gold:   301        SH:  0    Dex: 21    Spells: 7/7 levels left

rFire   . . .      SeeInvis .      - Unarmed
rCold   + . .      Faith    .    (no shield)
rNeg    . . .      Spirit   .    r - +0 scale mail
rPois   .          Reflect  .    b - +0 helmet
rElec   .          Harm     .    (no cloak)
rCorr   .          Rampage  .    (no gloves)
Will    .....                    (no boots)
Stlth   ..........               (no amulet)
HPRegen 0.18/turn                s - +6 ring of dexterity
MPRegen 0.11/turn                p - ring of protection from cold

@: no status effects
A: (nimble swimmer 2), mertail
a: no special abilities


You were on level 5 of the Dungeon.
You visited 2 branches of the dungeon, and saw 7 of its levels.
You also visited: Ossuary.

You collected 301 gold pieces.

Inventory:

Missiles
 c - a throwing net
 d - a javelin
 f - 3 boomerangs (quivered)
 k - 8 poisoned darts
 n - 4 atropa-tipped darts
 o - 19 stones
 E - 2 curare-tipped darts
Armour
 a - a +0 leather armour
 b - a +0 helmet (worn)
 q - a +0 ring mail
 r - a +0 scale mail (worn)
Jewellery
 p - a ring of protection from cold (right hand)
 s - a +6 ring of dexterity (left hand)
 t - an amulet of faith
Wands
 D - a wand of iceblast (2)
Scrolls
 g - 2 scrolls of noise
 h - 2 scrolls of teleportation
 i - 2 scrolls of immolation
 l - a scroll of magic mapping
 m - 3 scrolls of enchant weapon
 v - 2 scrolls of amnesia {unknown}
 w - a scroll of fog {unknown}
 x - a scroll of poison {unknown}
 y - 2 scrolls of identify
 z - a scroll of brand weapon {unknown}
Potions
 e - 2 potions of curing
 j - 2 potions of lignification {unknown}
 u - a potion of mutation {unknown}
 A - 2 potions of heal wounds {unknown}
 B - 2 potions of haste {unknown}
 C - a potion of flight {unknown}
 F - 2 potions of invisibility {unknown}


   Skills:
 - Level 2.1 Fighting
 - Level 2.0 Throwing
 - Level 5.0 Dodging
 + Level 10.4 Unarmed Combat


You had 7 spell levels left.
You didn't know any spells.
Your spell library was empty.

Dungeon Overview and Level Annotations

Branches:
Dungeon (6/15)             Temple (1/1) D:5         Ossuary (visited)

Altars:
Dithmenos
Elyvilon
Fedhas
Gozag
Hepliaklqana
Kikubaaqudgha
Makhleb
Nemelex Xobeh
Okawaru
Ru
Trog
Uskayaw
Vehumet
Wu Jian
Xom
Yredelemnul
Zin
The Shining One

Annotations:
D:3 2 transporters, BritishOli's ghost, amateur DsFi


Innate Abilities, Weirdness & Mutations

((You are very nimble when in or above water. (Stealth+, EV+, Speed+++)))
Your lower body shifts to a powerful aquatic tail in water.


Message History

Done exploring.
Done exploring.
Search for what [Enter for "."]? .
There is an open door here.
There is a stone staircase leading down here.
You climb downwards.
The steam dragon hisses angrily.
Found a ring mail and a scroll labelled IPLUYR ZAUXAUWN.
There is a stone staircase leading up here.
The steam dragon breathes steam at you. The ball of steam hits you!!
You hear an angry hiss.
There is a stone staircase leading up here.
You punch the steam dragon! You punch the steam dragon.
The steam dragon is moderately wounded.
You hit the steam dragon.
The steam dragon is moderately wounded.
The steam dragon bites you!
The steam dragon claws you but does no damage.
You hit the steam dragon but do no damage.
The steam dragon is moderately wounded.
The steam dragon breathes steam at you. The ball of steam hits you!
* * * LOW HITPOINT WARNING * * *
You are engulfed in a cloud of scalding steam.
* * * LOW HITPOINT WARNING * * *
The steam dragon bites you but does no damage.
The steam dragon claws you but does no damage.
You climb upwards.
There is a stone staircase leading down here.
You punch the steam dragon!
The steam dragon is severely wounded.
The steam dragon bites you.
* * * LOW HITPOINT WARNING * * *
The steam dragon barely misses you.
You punch the steam dragon!
The steam dragon is almost dead.
The steam dragon breathes steam at you. The ball of steam hits you!
You die...

#.#.#####.##........##,*
#.#.#................###
#.#.#.###.##...........#
#.........##............
###.#.###.##.........###
#..................#
###.....#########+####
#......D.## ##...##
#......@..# ##.....##
#......8..# ##.......##
#......>..###.........##
#[.....8...)'.........'.
##.##.....###.........##
#.####...# ##.......##
#........# ##.....##
#######.#######...##
#.###.####+##


You could see a steam dragon (catching breath).

Vanquished Creatures
  A water moccasin (D:4)
  A black bear (D:5)
  An ogre (D:5)
  An elf zombie (Ossuary)
  2 scorpions (D:5)
  2 centaur zombies (Ossuary)
  2 hounds
  A human zombie (Ossuary)
  An orc priest (D:4)
  2 iguanas
  Ijyb (D:5)
  3 orc wizards
  2 hound zombies (Ossuary)
  3 mummies (Ossuary)
  3 adders
  A white imp (D:5)
  An ufetubus (D:4)
  5 adder zombies (Ossuary)
  A worm (D:2)
  16 orcs
  8 endoplasms
  2 giant cockroaches
  2 gnoll zombies (Ossuary)
  2 goblins
  3 hobgoblins
  11 jackals
  6 kobolds
  2 quokkas
  6 ball pythons
  6 bats
  4 frilled lizards
  3 goblin zombies (Ossuary)
  6 hobgoblin zombies (Ossuary)
  5 jackal zombies (Ossuary)
  A kobold zombie (Ossuary)
  An orc zombie (Ossuary)
  2 quokka zombies (Ossuary)
  9 rats
  2 rat zombies (Ossuary)
131 creatures vanquished.

Notes
Turn   | Place    | Note
-------+----------+-------------------------------------------
     0 | D:1      | PentaManta the Merfolk Gladiator began the quest for the
                  | Orb.
     0 | D:1      | Reached XP level 1. HP: 16/16 MP: 1/1
     3 | D:1      | Found a faded altar of an unknown god.
   397 | D:1      | Reached XP level 2. HP: 22/22 MP: 2/2
  1366 | D:2      | Reached skill level 4 in Unarmed Combat
  1366 | D:2      | Reached XP level 3. HP: 10/27 MP: 3/3
  2289 | D:3      | Reached skill level 5 in Dodging
  2289 | D:3      | Reached XP level 4. HP: 27/33 MP: 4/4
  2529 | D:3      | Reached skill level 5 in Unarmed Combat
  2634 | D:3      | Noticed BritishOli's ghost (amateur DsFi)
  2639 | D:3      | Found a transporter.
  2642 | D:3      | Found a transporter.
  2939 | D:3      | Found a shadowy altar of Dithmenos.
  3397 | D:3      | Reached XP level 5. HP: 17/38 MP: 5/5
  4143 | D:4      | Reached skill level 6 in Unarmed Combat
  4263 | D:4      | Noticed a water moccasin
  4276 | D:4      | Killed a water moccasin
  4277 | D:4      | Reached skill level 7 in Unarmed Combat
  4277 | D:4      | Reached XP level 6. HP: 25/44 MP: 6/6
  4541 | D:4      | Found a basalt altar of Yredelemnul.
  4664 | D:4      | Found a bloodstained altar of Trog.
  4664 | D:4      | Found an ornate altar of the Wu Jian Council.
  5215 | D:5      | Entered Level 5 of the Dungeon
  5224 | D:5      | Found a sand-covered staircase.
  5233 | Ossuary  | Entered an ossuary
  5399 | Ossuary  | Reached skill level 8 in Unarmed Combat
  5399 | Ossuary  | Reached XP level 7. HP: 17/50 MP: 7/7
  5878 | Ossuary  | Reached skill level 9 in Unarmed Combat
  6098 | D:5      | Found a staircase to the Ecumenical Temple.
  6105 | Temple   | Entered the Ecumenical Temple
  6244 | D:5      | Reached XP level 8. HP: 49/56 MP: 8/8
  6407 | D:5      | Found an ancient bone altar of Kikubaaqudgha.
  6478 | D:5      | Noticed Ijyb
  6488 | D:5      | Killed Ijyb
  6489 | D:5      | Reached skill level 10 in Unarmed Combat
  6536 | D:5      | Found a hide-covered altar of Uskayaw.
  7112 | D:5      | Killed from afar by a steam dragon

Illustrated notes

Levels and vault maps discovered:
D:1:      minmay_arrival_solitary_statue, layout_loops_corners,
          ebering_ecumenical_altar_sacrificial, minmay_pentomino_v4
D:2:      layout_basic
D:3:      layout_basic, mainiacjoe_overflow_surrounded_room,
          gammafunk_ghost_arena
D:4:      layout_basic, overflow_temple_1_default,
          amethyst_overflow_temple_binary
D:5:      cheibrodos_iron_armory, layout_loops_corners,
          nicolae_uskayaw_suspiria, nicolae_kikubaaqudgha_miasma_corner,
          temple_statues, enter_ossuary_3, uniq_ijyb
D:6:      layout_rooms, ashenzari_altar_1, mainiacjoe_overflow_alcove_2,
          chequers_serial_rivers_micro_c
Temple:   nicolae_temple_godzebo

Skill      XL: |  1  2  3  4  5  6  7  8 |
---------------+-------------------------+-----
Unarmed Combat | 4 5 7 8 9 10 | 10.4
Dodging        | 5 |  5.0
Fighting       | |  2.1
Throwing       | |  2.0

Action                   |  1- 3 |  4- 6 |  7- 9 || total
-------------------------+-------+-------+-------++-------
Melee: Unarmed           |   105 |   245 |   145 ||   495
       Punch             |     3 |     9 |    13 ||    25
Throw: Boomerang         |    14 |    16 |     6 ||    36
       Throwing net      |     1 |       |     2 ||     3
  Use: Scroll            |       |     7 |       ||     7
       Potion            |       |     2 |       ||     2
 Stab: Sleeping          |     3 |       |       ||     3
       Held in net/web   |       |       |     2 ||     2
Armor: Leather armour    |    14 |     8 |       ||    22
       Scale mail        |       |   101 |    50 ||   151
       Ring mail         |       |     3 |       ||     3
Dodge: Dodged            |    74 |   166 |    52 ||   292

Table legend: (Time is in decaauts)
 A = Elapsed time spent in this place.
 B = Non-inter-level travel time spent in this place.
 C = Inter-level travel time spent in this place.
 D = Time resting spent in this place.
 E = Time spent auto-exploring this place.
 F = Levels seen in this place.
 G = Mean time per level.
                   A        B        C        D        E       F      G
               +--------+--------+--------+--------+--------+-----+--------+
         Total |   7054 |   6726 |    328 |    840 |   4714 |   8 |  881.8 |
       Dungeon |   6297 |   5995 |    302 |    629 |   4566 |   6 | 1049.5 |
        Temple |    119 |     93 |     26 |      0 |     70 |   1 |  119.0 |
       Ossuary |    637 |    637 |      0 |    211 |     78 |   1 |  637.0 |
               +--------+--------+--------+--------+--------+-----+--------+

Top non-repeatable levels by time:
     D:3: 1526 daAuts
     D:2: 1392 daAuts
     D:1: 1213 daAuts
     D:5: 1094 daAuts
     D:4: 1062 daAuts
 Ossuary: 637 daAuts
  Temple: 119 daAuts
     D:6: 8 daAuts
